 Dungeon Crawl Stone Soup version 0.29.0 (webtiles) character file.

Game seed: 8859499037224131721

56 themarg the Insei (level 3, -9/28 HPs)
             Began as a Gnoll Transmuter on Aug 24, 2022.
             Mangled by a gnoll
             ... wielding a +1 vampiric halberd
              (12 damage)
             ... on level 2 of the Dungeon.
             The game lasted 00:05:22 (2176 turns).

themarg the Insei (Gnoll Transmuter)                Turns: 2176, Time: 00:05:23

Health: -9/28      AC:  7    Str:  9    XL:     3   Next: 95%
Magic:  7/9        EV: 13    Int: 14    God:
Gold:   138        SH:  0    Dex: 12    Spells: 9/12 levels left

rFire   . . .      SeeInvis .   d - +0 short sword
rCold   . . .      Faith    .   (no shield)
rNeg    . . .      Spirit   .   a - +0 robe
rPois   .          Reflect  .   (helmet currently unavailable)
rElec   .          Harm     .   (no cloak)
rCorr   .          Rampage  .   m - +0 pair of gloves
Will    .....                   (boots currently unavailable)
Stlth   ++........              (no amulet)
HPRegen 0.09/turn               g - +4 ring of protection
MPRegen 0.11/turn               (no ring)

@: appendages (expiring), wereblooded
A: horns 2, talons 2, fangs 1, strong nose, distributed training
a: End Transformation


You were on level 2 of the Dungeon.
You had temporarily grown beastly horns and talons.
You visited 1 branch of the dungeon, and saw 2 of its levels.

You collected 138 gold pieces.

Inventory:

Hand Weapons
 d - a +0 short sword (weapon)
Armour
 a - a +0 robe (worn)
 e - a +0 helmet (melded)
 m - a +0 pair of gloves (worn)
Jewellery
 g - a +4 ring of protection (left hand)
 h - an amulet of magic regeneration
Scrolls
 i - 4 scrolls of identify {unknown}
 j - a scroll of butterflies {unknown}
 k - 4 scrolls of teleportation {unknown}
 l - a scroll of fear {unknown}
Potions
 b - a potion of lignification
 c - 2 potions of haste {unknown}
 f - a potion of might {unknown}
 n - a potion of curing {unknown}


   Skills:
 + Level 2.7 Fighting
 + Level 1.0 Short Blades
 + Level 1.0 Long Blades
 + Level 1.0 Axes
 + Level 1.0 Maces & Flails
 + Level 1.0 Polearms
 + Level 1.0 Staves
 + Level 1.0 Ranged Weapons
 + Level 1.0 Throwing
 + Level 1.0 Armour
 + Level 4.6 Dodging
 + Level 1.0 Stealth
 + Level 1.0 Shields
 + Level 6.5 Unarmed Combat
 + Level 5.0 Spellcasting
 + Level 0.7 Conjurations
 + Level 0.7 Hexes
 + Level 0.7 Summonings
 + Level 0.7 Necromancy
 + Level 0.7 Translocations
 + Level 3.8 Transmutations
 + Level 0.7 Fire Magic
 + Level 0.7 Ice Magic
 + Level 0.7 Air Magic
 + Level 0.7 Earth Magic
 + Level 0.7 Poison Magic
 + Level 1.1 Invocations
 + Level 1.0 Evocations


You had 9 spell levels left.
You knew the following spells:

 Your Spells              Type           Power      Damage    Failure   Level
a - Beastly Appendage     Tmut           28%        N/A       3%          1
b - Wereblood             Tmut           14%        N/A       5%          2

Your spell library contained the following spells:

 Spells                   Type           Power      Damage    Failure   Level
 Spider Form              Tmut/Pois      9%         N/A       21%         3
 Ice Form                 Ice/Tmut       9%         N/A       56%         4


Dungeon Overview and Level Annotations

Branches:
Dungeon (2/15)

Altars:


Innate Abilities, Weirdness & Mutations

You have temporarily grown beastly horns and talons.
You have very sharp teeth.
Your uncanny sense of smell can sniff out nearby items.
Your experience applies equally to all skills.


Message History

The ball python grabs you. The ball python constricts you.
The ball python bites you but does no damage.
The ball python constricts you.
You hit the ball python.
You kill the ball python!
You see here a ball python corpse. 2 gnolls come into view.
A gnoll is wielding a +1 vampiric halberd.
Found a ruby potion.
The gnoll shouts! x2; You hear a shout!
The gnoll moves out of view.
You hear a shout! 2 gnolls come into view.
The gnoll shouts!
The gnoll hits you but does no damage. x2
The gnoll hits you with a +1 vampiric halberd.
Casting: Beastly Appendage (safe; 3% risk of failure)
Confirm with . or Enter, or press ? or * to list all spells.
Your blood is infused with primal strength.
The gnoll closely misses you. The gnoll barely misses you. x2
The gnoll attacks as you move away! The gnoll misses you.
The gnoll hits you but does no damage. The gnoll attacks as you move away!
The gnoll hits you with a +1 vampiric halberd!
The gnoll misses you.
The gnoll hits you from afar with a +0 spear.
The gnoll hits you but does no damage.
You hit the gnoll but do no damage. Your bite misses the gnoll.
Your transformation is almost over.
The gnoll hits you but does no damage. x2; The gnoll closely misses you.
You hit the gnoll. You bite the gnoll, but do no damage.
The gnoll is moderately wounded.
The gnoll barely misses you. The gnoll closely misses you.
The gnoll hits you from afar with a +0 spear.
* * * LOW HITPOINT WARNING * * *
The gnoll attacks as you move away! The gnoll barely misses you.
The gnoll hits you from afar with a +0 halberd.
* * * LOW HITPOINT WARNING * * *
The gnoll hits you from afar with a +1 vampiric halberd!
You die...

#.#####.# #.# #.# #.#
#.# #.# #.# #.# #.#
######.# #†# #......#
#.# #.####.# #.#
###.# #.# #@#####.##
#...# #.## #.#.......
#.### #..# #gg.....#
###.# ##.######g!####
..#.# #..#.######
#.#.# #.#.....#.#
#.#.# ######.#..#
#.#.#######..#.####.#
#.........#.#.....#)#


You could see 3 gnolls.

Vanquished Creatures
  An adder (D:2)
  4 dart slugs
  3 ball pythons
  3 bats
  4 endoplasms
  3 giant cockroaches
  2 goblins
  5 hobgoblins
  2 quokkas
  A frilled lizard (D:2)
  3 kobolds
  3 rats
34 creatures vanquished.

Notes
Turn   | Place    | Note
-------+----------+-------------------------------------------
     0 | D:1      | themarg the Gnoll Transmuter began the quest for the Orb.
     0 | D:1      | Reached XP level 1. HP: 17/17 MP: 6/6
   443 | D:1      | Reached XP level 2. HP: 23/23 MP: 5/7
   446 | D:1      | Learned a level 2 spell: Wereblood
  1419 | D:2      | Reached skill level 5 in Spellcasting
  1419 | D:2      | Reached XP level 3. HP: 28/28 MP: 6/9
  1593 | D:2      | Reached skill level 1 in Invocations
  1760 | D:2      | Reached skill level 1 in Short Blades
  1760 | D:2      | Reached skill level 1 in Long Blades
  1760 | D:2      | Reached skill level 1 in Axes
  1760 | D:2      | Reached skill level 1 in Maces & Flails
  1760 | D:2      | Reached skill level 1 in Polearms
  1760 | D:2      | Reached skill level 1 in Staves
  1760 | D:2      | Reached skill level 1 in Ranged Weapons
  1760 | D:2      | Reached skill level 1 in Throwing
  1760 | D:2      | Reached skill level 1 in Armour
  1760 | D:2      | Reached skill level 1 in Stealth
  1760 | D:2      | Reached skill level 1 in Shields
  1760 | D:2      | Reached skill level 1 in Evocations
  2176 | D:2      | Mangled by a gnoll

Illustrated notes

Levels and vault maps discovered:
D:1:      dpeg_arrival_boxorama, layout_basic
D:2:      minmay_angry_zag, layout_loops_ring

Skill      XL: |  1  2  3 |
---------------+----------+-----
Spellcasting   | 5 |  5.0
Invocations    | 1 |  1.1
Short Blades   | 1 |  1.0
Long Blades    | 1 |  1.0
Axes           | 1 |  1.0
Maces & Flails | 1 |  1.0
Polearms       | 1 |  1.0
Staves         | 1 |  1.0
Ranged Weapons | 1 |  1.0
Throwing       | 1 |  1.0
Armour         | 1 |  1.0
Stealth        | 1 |  1.0
Shields        | 1 |  1.0
Evocations     | 1 |  1.0
Fighting       | |  2.7
Dodging        | |  4.6
Unarmed Combat | |  6.5
Conjurations   | |  0.7
Hexes          | |  0.7
Summonings     | |  0.7
Necromancy     | |  0.7
Translocations | |  0.7
Transmutations | |  3.8
Fire Magic     | |  0.7
Ice Magic      | |  0.7
Air Magic      | |  0.7
Earth Magic    | |  0.7
Poison Magic   | |  0.7

Action                   || total
-------------------------++-------
Melee: Short sword       ||    87
       Club              ||     6
       Headbutt          ||    18
       Kick              ||    18
       Bite              ||     8
       Unarmed           ||     1
       Punch             ||     2
 Cast: Beastly Appendage ||    28
       Wereblood         ||     2
Armor: Robe              ||    40
Dodge: Dodged            ||    68
